 Dungeon Crawl Stone Soup version 0.25.0-37-gb73750e0fb (webtiles) character file.

Game seed: 12675768660046075752

68 xccam the Sneak (level 4, 0/29 HPs)
             Began as an Octopode Assassin on July 9, 2020.
             Slain by a bat (1 damage)
             ... on level 2 of the Dungeon.
             The game lasted 00:02:16 (1521 turns).

xccam the Sneak (Octopode Assassin)                 Turns: 1521, Time: 00:02:17

Health: 0/29       AC:  1    Str: 10    XL:     4   Next: 19%
Magic:  4/4        EV: 13    Int: 13    God:
Gold:   113        SH:  0    Dex: 14    Spells: 3/3 levels left

rFire    . . .     SeeInvis .   a - +2 dagger
rCold    . . .     Gourm    .   (no shield)
rNeg     . . .     Faith    .   (helmet restricted)
rPois    .         Spirit   .   (no amulet)
rElec    .         Reflect  .   i - ring of stealth
rCorr    .         Harm     .   (no ring)
MR       .....                  (no ring)
Stlth    +++++.....             (no ring)
HPRegen  0.09/turn              (no ring)
MPRegen  0.09/turn              (no ring)
                                (no ring)
                                (no ring)

@: no status effects
A: almost no armour, stealthy swim, amphibious, 8 rings, constrict 8, camouflage
1, gelatinous body 1
a: no special abilities


You were on level 2 of the Dungeon.
You were hungry.

You visited 1 branch of the dungeon, and saw 2 of its levels.

You collected 113 gold pieces.

Inventory:

Hand Weapons
 a - a +2 dagger (weapon)
Missiles
 b - 4 poisoned darts (quivered)
 c - 2 curare-tipped darts
Jewellery
 i - a ring of stealth (left tentacle)
Scrolls
 e - a scroll of fog {unknown}
 h - a scroll of blinking {unknown}
 m - a scroll of immolation {unknown}
Potions
 f - a potion of invisibility {unknown}
 g - 3 potions of heal wounds {unknown}
 j - a potion of resistance {unknown}
 l - 2 potions of haste {unknown}
Comestibles
 d - 3 rations
 k - 4 chunks of flesh


   Skills:
 - Level 2.0 Fighting
 + Level 4.3 Short Blades
 - Level 2.0 Throwing
 - Level 1.0 Dodging
 - Level 5.3 Stealth


You had 3 spell levels left.
You didn't know any spells.
Your spell library was empty.

Dungeon Overview and Level Annotations

Branches:
Dungeon (2/15)

Altars:
Trog


Innate Abilities, Weirdness & Mutations

You cannot wear most types of armour.
You are very stealthy in the water. (Stealth+)
You are amphibious.
You can wear up to eight rings at the same time.
You can use your tentacles to constrict eight enemies at once.
Your skin changes colour to match your surroundings (Stealth+).
Your rubbery body absorbs attacks. (AC +1, EV +1)


Message History

Aim: a gnoll, wielding a +0 flail You throw a poisoned dart.
The poisoned dart hits the gnoll.
The gnoll is poisoned.
The gnoll hits you with a +0 flail!
* * * LOW HITPOINT WARNING * * *
A goblin and a kobold come into view.
The kobold shouts!
A rat comes into view.
The bat misses you. The bat hits you but does no damage.
Some of the chunks of flesh in your inventory have rotted away.
The bat barely misses you. The bat hits you.
* * * LOW HITPOINT WARNING * * *
The bat barely misses you.
The gnoll looks more healthy.
The bat hits you.
* * * LOW HITPOINT WARNING * * *
You hit the bat.
You kill the bat!
The bat hits you.
You die...

##########.#############
#.#
....÷........g..(.....>#
###.#
####.......#####.#####.#
#...#### #.####### #.#
#.# #.#....# #.#
###.#####.# #.+g...# #.#
#.........# ###...÷# #.#
#.#.####### #....# #.#
#.#.# #########'## #÷# #
#@# #....g(...#
........# #b#
#g####..)<# .....##.# #
#g# #l####...## #####.
..... #.# #.#....l.# .
## #..#l#####.#.#....###
.# #...Kg.l.g.# #....'.#
.# #.##.#######.#....#.#
.# # .$.# ..#.####.#
#..... ..#.# #.#


You could see 2 gnolls, a bat, a kobold and a frilled lizard.

Vanquished Creatures
  A gnoll (D:2)
  2 adders (D:2)
  A worm (D:2)
  4 dart slugs
  A leopard gecko (D:1)
  A giant cockroach (D:1)
  5 goblins
  5 kobolds
  A quokka (D:2)
  4 bats
  A frilled lizard (D:2)
  7 rats
33 creatures vanquished.

Notes
Turn   | Place    | Note
-------+----------+-------------------------------------------
     0 | D:1      | xccam the Octopode Assassin began the quest for the Orb.
     0 | D:1      | Reached XP level 1. HP: 14/14 MP: 1/1
   155 | D:1      | Reached XP level 2. HP: 9/19 MP: 2/2
  1079 | D:2      | Reached XP level 3. HP: 24/24 MP: 3/3
  1148 | D:2      | Found a bloodstained altar of Trog.
  1354 | D:2      | Reached XP level 4. HP: 29/29 MP: 4/4
  1409 | D:2      | HP: 1/29 [gnoll/cursed -2 spear (5)]
  1520 | D:2      | HP: 1/29 [bat (1)]
  1521 | D:2      | Slain by a bat

Illustrated notes

Levels and vault maps discovered:
D:1:      dpeg_arrival_leaves_temple_mockup, layout_basic,
          minmay_misc_feat_four_crosses, feat_on_display
D:2:      layout_basic, lightli_temple_of_fire

Skill      XL: |  1  2  3 |
---------------+----------+-----
Short Blades   | 3 4 |  4.3
Fighting       | |  2.0
Throwing       | |  2.0
Dodging        | |  1.0
Stealth        | |  5.3

Action                   |  1- 3 |  4- 6 || total
-------------------------+-------+-------++-------
Melee: Dagger            |    51 |     5 ||    56
       Constrict         |     7 |     2 ||     9
       Tentacles         |     4 |     1 ||     5
Throw: Dart              |       |     4 ||     4
 Stab: Sleeping          |    17 |       ||    17
       Distracted        |     1 |       ||     1
  Eat: Chunk             |     1 |       ||     1
Armor: Skin              |     1 |     1 ||     2
Dodge: Dodged            |    15 |     8 ||    23
